 Dungeon Crawl Stone Soup version 0.28.0-45-g0d030f2227 (webtiles) character file.

Game seed: 11214505637206540940

1476 boopmooplesden the Carver (level 8, -1/70 HPs)
             Began as a Minotaur Berserker on Apr 4, 2022.
             Was a Believer of Trog.
             Succumbed to a scorpion's poison
             ... on level 6 of the Dungeon.
             The game lasted 00:05:16 (5432 turns).

boopmooplesden the Carver (Minotaur Berserker)      Turns: 5432, Time: 00:05:16

Health: -1/70      AC:  6    Str: 21    XL:     8   Next: 49%
Magic:  7/7        EV: 13    Int:  4    God:    Trog [**....]
Gold:   192        SH:  0    Dex: 19    Spells: 7/7 levels left

rFire   . . .      SeeInvis .   a - +0 falchion
rCold   . . .      Faith    .   (no shield)
rNeg    . . .      Spirit   .   c - +0 ring mail
rPois   .          Reflect  .   (helmet restricted)
rElec   .          Harm     .   (no cloak)
rCorr   .          Rampage  .   (no gloves)
Will    .....                   (no boots)
Stlth   ++........              (no amulet)
HPRegen 0.21/turn               f - +6 ring of dexterity
MPRegen 0.10/turn               (no ring)

@: lethally poisoned (-1 -> -5), on berserk cooldown, hasted and slowed
A: horns 2, retaliatory headbutt
a: Renounce Religion, Berserk, Trog's Hand


You were on level 6 of the Dungeon.
You worshipped Trog.
Trog was pleased with you.
You visited 1 branch of the dungeon, and saw 6 of its levels.

You collected 192 gold pieces.

Inventory:

Hand Weapons
 a - a +0 falchion (weapon)
Armour
 b - a +0 animal skin
 c - a +0 ring mail (worn)
 u - a +0 pair of boots
Jewellery
 f - a +6 ring of dexterity (left hand)
Wands
 q - a wand of charming (5)
Scrolls
 e - 2 scrolls of fog
 j - 3 scrolls of teleportation
 l - 3 scrolls of identify
 m - a scroll of silence {unknown}
 p - 2 scrolls of amnesia {unknown}
 r - a scroll of blinking {unknown}
 s - a scroll of enchant armour {unknown}
Potions
 d - a potion of haste
 g - 4 potions of brilliance
 h - 2 potions of curing {unknown}
 i - a potion of lignification {unknown}
 k - a potion of heal wounds {unknown}
 n - a potion of degeneration {unknown}
 o - a potion of mutation {unknown}
 t - a potion of magic {unknown}


   Skills:
 + Level 5.9 Fighting
 + Level 9.3 Long Blades
 + Level 7.0 Armour
 + Level 4.0 Dodging
 + Level 2.0 Stealth


You had 7 spell levels left.
You didn't know any spells.
Your spell library was empty.

Dungeon Overview and Level Annotations

Branches:
Dungeon (6/15)
 Temple: D:4-7

Altars:
Nemelex Xobeh
Xom

Shops:
D:3 (!*   D:6 *


Innate Abilities, Weirdness & Mutations

You have a pair of horns on your head.
You reflexively headbutt those who attack you in melee.


Message History

You feel sick. The centaur barely misses you. The centaur misses you.
You slash the orc warrior!
The orc warrior is severely wounded.
* * * LOW HITPOINT WARNING * * *
You feel sick.
You closely miss the orc warrior.
The orc warrior is severely wounded.
* * * LOW HITPOINT WARNING * * *
You feel sick. The centaur barely misses you. You furiously retaliate!
You headbutt the centaur!
You kill the centaur!
Trog accepts your kill. The orc warrior barely misses you.
You furiously retaliate!
You headbutt the orc warrior.
Your Long Blades skill increases to level 9!
Your Stealth skill increases to level 2!
You hit the orc warrior but do no damage.
You headbutt the orc warrior.
You kill the orc warrior!
Trog accepts your kill.
* * * LOW HITPOINT WARNING * * *
You feel sick.
Your Armour skill increases to level 7!
Your Dodging skill increases to level 4!
There is a lethal amount of poison in your body!
You are too berserk!
* * * LOW HITPOINT WARNING * * *
You feel sick.
There is an open door here.
You feel a strong urge to attack something.
* * * LOW HITPOINT WARNING * * *
You feel sick.
You are too berserk!
You are no longer berserk.
You are exhausted.
You feel yourself slow down.
* * * LOW HITPOINT WARNING * * *
You feel sick.
It was a potion of haste.
You feel yourself speed up.
You die...

........>.....8
.............8.
............8..
.............8.
.....##)†.....8
######+####........
#........##.....#.#
#........##.....#..
#.@................
##..##...##......##
###'########......#
#....#.......<....#
.......#..))#....##.....##
.......#....#....########
.......#....#.....#
......#....#.....# .
#....##...##...##


There were no monsters in sight!

Vanquished Creatures
  An orc warrior (D:6)
  3 sky beasts
  2 ogres (D:5)
  A necrophage (D:5)
  A centaur (D:6)
  A phantom (D:3)
  3 scorpions
  A howler monkey (D:5)
  4 crimson imps (D:5)
  A centaur skeleton (D:6)
  2 orc priests
  A jelly (D:5)
  3 iguanas (D:5)
  An orc wizard (D:5)
  A howler monkey skeleton (D:6)
  A gnoll (D:1)
  2 adders (D:4)
  A worm (D:2)
  2 dart slugs
  10 orcs
  3 endoplasms
  4 giant cockroaches
  5 goblins
  3 hobgoblins
  8 jackals
  6 kobolds
  3 quokkas
  8 ball pythons
  5 bats
  2 frilled lizards (D:3)
  6 rats
95 creatures vanquished.

Notes
Turn   | Place    | Note
-------+----------+-------------------------------------------
     0 | D:1      | boopmooplesden the Minotaur Berserker began the quest for
                  | the Orb.
     0 | D:1      | Reached XP level 1. HP: 19/19 MP: 0/0
     6 | D:1      | Noticed a scorpion
     6 | D:1      | Noticed a rime drake
     6 | D:1      | Noticed a water moccasin
     7 | D:1      | Noticed a black bear
   260 | D:1      | Reached skill level 4 in Long Blades
   260 | D:1      | Reached XP level 2. HP: 23/27 MP: 1/1
   599 | D:1      | Reached XP level 3. HP: 32/33 MP: 2/2
  1151 | D:2      | Found a faded altar of an unknown god.
  1264 | D:2      | You fall into a shaft and drop 1 floor!
  1275 | D:3      | Found Xaofowi's Distillery.
  1302 | D:3      | Found Riqepy's Antique Weapon Shoppe.
  1353 | D:3      | Noticed a phantom
  1364 | D:3      | Killed a phantom
  1365 | D:3      | Reached skill level 5 in Long Blades
  1365 | D:3      | Reached XP level 4. HP: 22/41 MP: 3/3
  1672 | D:3      | Reached ** piety under Trog
  1866 | D:3      | Found Liysaux's Assorted Antiques.
  2307 | D:2      | Reached XP level 5. HP: 45/47 MP: 4/4
  3480 | D:4      | Found a sparkling altar of Nemelex Xobeh.
  3607 | D:5      | Entered Level 5 of the Dungeon
  3634 | D:5      | Reached XP level 6. HP: 53/53 MP: 5/5
  3765 | D:5      | Reached skill level 6 in Long Blades
  3967 | D:5      | Noticed a sky beast
  3977 | D:5      | Killed a sky beast
  3978 | D:5      | Reached skill level 1 in Stealth
  3987 | D:5      | Reached skill level 5 in Fighting
  3987 | D:5      | Reached skill level 5 in Armour
  3987 | D:5      | Reached XP level 7. HP: 35/61 MP: 6/6
  4419 | D:5      | Reached skill level 7 in Long Blades
  4677 | D:5      | Found a shimmering altar of Xom.
  5009 | D:5      | Reached skill level 8 in Long Blades
  5212 | D:6      | Reached XP level 8. HP: 69/69 MP: 7/7
  5216 | D:6      | Found Ystrun's Assorted Antiques.
  5427 | D:6      | HP: 5/105 [poisoned by a scorpion]
  5428 | D:6      | Reached skill level 9 in Long Blades
  5431 | D:6      | HP: 1/70 [poisoned by a scorpion]
  5432 | D:6      | Succumbed to a scorpion's poison

Illustrated notes

Levels and vault maps discovered:
D:1:      onia_arrival_zoo_common, layout_basic
D:2:      layout_basic, ebering_ecumenical_altar_sacrificial
D:3:      layout_loops_corners, serial_shops, shop_fountains, shop,
          nicolae_shop_overgrown_old_shop
D:4:      layout_loops_ring, nemelex_dance_club_becter
D:5:      layout_cave_pods, led_xom_imps, minmay_chambers_of_fives
D:6:      layout_gridville, amcnicky_altar_gilded, okawaru_gym_becter,
          serial_shops, nicolae_diamond_shop

Skill      XL: |  1  2  3  4  5  6  7  8 |
---------------+-------------------------+-----
Long Blades    | 4 5 6 8 9 |  9.3
Fighting       | 4 5 |  5.9
Armour         | 3 4 5 6 7 |  7.0
Dodging        | 3 4 |  4.0
Stealth        | 1 2 |  2.0

Action                   |  1- 3 |  4- 6 |  7- 9 || total
-------------------------+-------+-------+-------++-------
Melee: Falchion          |    58 |    96 |    58 ||   212
       Headbutt          |     5 |    24 |    15 ||    44
       Punch             |       |     1 |     1 ||     2
Invok: Berserk           |       |     3 |     2 ||     5
  Use: Scroll            |       |     5 |       ||     5
       Potion            |       |       |     1 ||     1
 Stab: Sleeping          |       |     1 |       ||     1
Armor: Ring mail         |    22 |    33 |    18 ||    73
Dodge: Dodged            |    33 |    61 |    45 ||   139
